[Event "Serbian League Women 2024"]
[Site "Bajina Basta"]
[Date "2024.09.28"]
[Round "2.1"]
[White "Savitha Shri B"]
[Black "Aydin, Gulenay"]
[Result "1-0"]
[ECO "B48"]
[WhiteElo "2348"]
[BlackElo "2202"]
[Annotator "ChessBase"]
[PlyCount "71"]
[EventDate "2024.09.26"]
[EventType "team-tourn"]
[EventCountry "SRB"]
[SourceTitle "playchess.com"]
[Source "ChessBase"]
[SourceQuality "1"]
[TimeControl "40/5400+30:1800+30"]

1. e4 c5 2. Nf3 e6 3. d4 cxd4 4. Nxd4 Nc6 5. Nc3 Qc7 6. Be3 a6 7. a3 b5 8. Nxc6 Qxc6 9. Bd3 Bb7 10. Qd2 Nf6 11. e5 Ng4 12. Bd4 d5 13. Qe2 Nh6 14. Nxb5 Nf5 15. Bxf5 axb5 16. Bd3 Ba6 17. O-O Be7 18. b4 O-O 19. a4 Rab8 20. c3 Rfc8 21. g3 Qd7 22. axb5 Bxb5 23. Bxb5 Rxb5 24. Ra7 Rb7 25. Rfa1 Rxa7 26. Rxa7 Qe8 27. Qa6 Bf8 28. b5 h5 29. b6 Rb8 30. b7 Qe7 31. Qc6 h4 32. Qc8 Qg5 33. Ra1 h3 34. Qxb8 Qf5 35. Qxf8+ Kh7 36. b8=Q 1-0

[Event "Serbian League Women 2024"]
[Site "Bajina Basta"]
[Date "2024.09.28"]
[Round "2.2"]
[White "Yildiz, Elif Zeren"]
[Black "Toncheva, Nadya"]
[Result "1/2-1/2"]
[ECO "B30"]
[WhiteElo "1934"]
[BlackElo "2301"]
[Annotator "ChessBase"]
[PlyCount "120"]
[EventDate "2024.09.26"]
[EventType "team-tourn"]
[EventCountry "SRB"]
[SourceTitle "playchess.com"]
[Source "ChessBase"]
[SourceQuality "1"]
[TimeControl "40/5400+30:1800+30"]

1. e4 c5 2. Nf3 Nc6 3. Bb5 e6 4. Bxc6 bxc6 5. d3 Ne7 6. b3 Qc7 7. e5 Nf5 8. Bb2 Be7 9. Nbd2 f6 10. g4 Nd4 11. Nxd4 cxd4 12. exf6 Qe5+ 13. Qe2 gxf6 14. g5 Qxg5 15. Bxd4 Qd5 16. Qe4 Qxe4+ 17. Nxe4 e5 18. Bc5 d5 19. Bxe7 Kxe7 20. Nd2 Rg8 21. Ke2 Bg4+ 22. f3 Bh5 23. Rhg1 f5 24. Kf2 Kf6 25. Rxg8 Rxg8 26. Re1 Bf7 27. Nb1 c5 28. c4 d4 29. Nd2 Be8 30. Rb1 a5 31. a3 Bh5 32. b4 axb4 33. axb4 cxb4 34. Rxb4 Ra8 35. h4 Ra2 36. Rb6+ Ke7 37. Ke1 Ra1+ 38. Ke2 Rh1 39. Rb5 Rxh4 40. Rxe5+ Kf6 41. Rd5 Kg5 42. Nf1 Rf4 43. Nd2 Rh4 44. Nf1 Rh3 45. Rxd4 Rxf3 46. Ke1 Rh3 47. c5 Be8 48. Rd6 Bb5 49. c6 Rxd3 50. Rxd3 Bxd3 51. c7 Ba6 52. Ne3 Kf4 53. Kf2 h5 54. Nd5+ Ke5 55. Ne7 f4 56. c8=Q Bxc8 57. Nxc8 h4 58. Ne7 h3 59. Ng6+ Ke4 60. Nxf4 Kxf4 1/2-1/2

[Event "Serbian League Women 2024"]
[Site "Bajina Basta"]
[Date "2024.09.28"]
[Round "2.3"]
[White "Grozdanovic, Anastasia"]
[Black "Vujcic, Milena"]
[Result "1/2-1/2"]
[ECO "D85"]
[WhiteElo "2041"]
[BlackElo "2076"]
[Annotator "NA"]
[PlyCount "119"]
[EventDate "2024.09.26"]
[EventType "team-tourn"]
[EventCountry "SRB"]
[SourceTitle "playchess.com"]
[Source "ChessBase"]
[SourceQuality "1"]
[TimeControl "40/5400+30:1800+30"]

1. d4 Nf6 2. c4 g6 3. Nc3 d5 4. cxd5 Nxd5 5. e4 Nxc3 6. bxc3 Bg7 7. Nf3 c5 8. Bb5+ Nc6 9. Rb1 Qa5 10. O-O O-O 11. d5 Ne5 12. Nxe5 Bxe5 13. Bg5 Qc7 14. f4 Bxc3 15. Rc1 Bg7 16. e5 f6 17. d6 exd6 18. exd6 Qb6 19. Rb1 Qd8 20. Bh4 a6 21. Ba4 Bd7 22. Qd5+ Kh8 23. Bxd7 Qxd7 24. Rxb7 Qg4 25. Bf2 Qxf4 26. Qxc5 Rad8 27. Bg3 Qe4 28. Qc7 Rg8 29. Re1 Qd4+ 30. Kh1 h5 31. Qc2 Qg4 32. Qd3 f5 33. Be5 Bxe5 34. Rxe5 Qf4 35. Rd5 Qc1+ 36. Qd1 Qxd1+ 37. Rxd1 Rg7 38. Rb6 a5 39. Kg1 Rgd7 40. Kf2 Kg7 41. Kf3 Kf6 42. Rd5 Rc8 43. Rb3 a4 44. Rbd3 Rc6 45. Ra5 Rdxd6 46. Rxd6+ Rxd6 47. Rxa4 Rc6 48. h4 g5 49. hxg5+ Kxg5 50. Ra8 Rc3+ 51. Kf2 h4 52. Ra4 h3 53. gxh3 Rxh3 54. Kg2 Rc3 55. Kf2 f4 56. Ra8 Kf5 57. Rf8+ Ke4 58. Re8+ Kf5 59. Rf8+ Ke4 60. Re8+ 1/2-1/2

[Event "Serbian League Women 2024"]
[Site "Bajina Basta"]
[Date "2024.09.28"]
[Round "2.4"]
[White "Petrovic, Marija"]
[Black "Mihajlovic, Milena"]
[Result "1-0"]
[ECO "E61"]
[WhiteElo "1898"]
[BlackElo "2065"]
[Annotator "NA"]
[PlyCount "99"]
[EventDate "2024.09.26"]
[EventType "team-tourn"]
[EventCountry "SRB"]
[SourceTitle "playchess.com"]
[Source "ChessBase"]
[SourceQuality "1"]
[TimeControl "40/5400+30:1800+30"]

1. Nf3 Nf6 2. b3 g6 3. Bb2 Bg7 4. e3 d6 5. d4 O-O 6. Be2 Nbd7 7. c4 c5 8. O-O b6 9. Nc3 cxd4 10. exd4 Bb7 11. d5 Nc5 12. Qc2 Rc8 13. Rad1 a6 14. Nd4 Qc7 15. b4 Ncd7 16. b5 Nxd5 17. cxd5 Bxd5 18. Nxd5 Qxc2 19. Nxe7+ Kh8 20. Nxc2 Rxc2 21. Bxg7+ Kxg7 22. Bf3 Rxa2 23. Rxd6 Ne5 24. bxa6 Nxf3+ 25. gxf3 Rxa6 26. Nd5 Ra3 27. Rxb6 Rxf3 28. Ne3 Ra8 29. Rc1 Ra5 30. Kg2 Rf4 31. Kg3 g5 32. Rc4 Rxc4 33. Nxc4 Rc5 34. Nd2 h5 35. Ne4 Re5 36. Kf3 Rf5+ 37. Ke3 f6 38. Ng3 Re5+ 39. Kf3 Kg6 40. Rc6 h4 41. Ne4 Rf5+ 42. Ke3 g4 43. Nd2 Kg5 44. Rc5 Kg6 45. Rxf5 Kxf5 46. Ne4 Ke5 47. Nc5 f5 48. Nd3+ Kf6 49. Kf4 g3 50. fxg3 1-0

[Event "Serbian League Women 2024"]
[Site "Bajina Basta"]
[Date "2024.09.28"]
[Round "2.5"]
[White "Badelka, Olga"]
[Black "Bivol, Alina"]
[Result "1-0"]
[ECO "A05"]
[WhiteElo "2430"]
[BlackElo "2345"]
[Annotator "ChessBase"]
[PlyCount "57"]
[EventDate "2024.09.26"]
[EventType "team-tourn"]
[EventCountry "SRB"]
[SourceTitle "playchess.com"]
[Source "ChessBase"]
[SourceQuality "1"]
[TimeControl "40/5400+30:1800+30"]

1. Nf3 Nf6 2. g3 b6 3. Bg2 Bb7 4. O-O d5 5. d3 Nbd7 6. Nbd2 e6 7. Re1 Bd6 8. e4 dxe4 9. dxe4 e5 10. Nc4 O-O 11. Nxd6 cxd6 12. Nh4 Nc5 13. Nf5 Bxe4 14. Bxe4 Ncxe4 15. Rxe4 Nxe4 16. Qg4 g6 17. Nh6+ Kg7 18. Qxe4 Qe7 19. g4 Rac8 20. g5 Qe6 21. b3 d5 22. Qh4 f5 23. gxf6+ Qxf6 24. Bg5 Qf3 25. Re1 Rce8 26. Re3 Qd1+ 27. Kg2 Qxc2 28. Ng4 Rf5 29. Bf6+ 1-0

[Event "Serbian League Women 2024"]
[Site "Bajina Basta"]
[Date "2024.09.28"]
[Round "2.6"]
[White "Velikic, Adela"]
[Black "Zimina, Olga"]
[Result "1/2-1/2"]
[ECO "D16"]
[WhiteElo "2260"]
[BlackElo "2302"]
[Annotator "ChessBase"]
[PlyCount "89"]
[EventDate "2024.09.26"]
[EventType "team-tourn"]
[EventCountry "SRB"]
[SourceTitle "playchess.com"]
[Source "ChessBase"]
[SourceQuality "1"]
[TimeControl "40/5400+30:1800+30"]

1. d4 d5 2. c4 c6 3. Nf3 Nf6 4. Nc3 dxc4 5. a4 e6 6. e3 c5 7. Bxc4 Nc6 8. O-O cxd4 9. Nxd4 Nxd4 10. exd4 Be7 11. Qf3 O-O 12. Rd1 Qc7 13. Bd3 Rd8 14. Bf4 Qc6 15. Qe2 a6 16. Rac1 Qb6 17. Be5 Bd7 18. Bb1 Bc6 19. Rd3 Rac8 20. Rcd1 Qb4 21. Rg3 Bxa4 22. Nxa4 Qxa4 23. b3 Qa3 24. Qd2 g6 25. Qh6 Bf8 26. Qh4 Qc1 27. Rf1 Nd5 28. Rh3 h6 29. Be4 Be7 30. Qxh6 Qxh6 31. Rxh6 f6 32. Bg3 g5 33. f4 Nc3 34. Bxb7 Ne2+ 35. Kh1 Rc7 36. Bxa6 Nxg3+ 37. hxg3 g4 38. f5 exf5 39. Rxf5 Rc1+ 40. Kh2 Rxd4 41. Bc4+ Kg7 42. Rfh5 Rdxc4 43. bxc4 Bc5 44. Rh7+ Kg6 45. R7h6+ 1/2-1/2

[Event "Serbian League Women 2024"]
[Site "Bajina Basta"]
[Date "2024.09.28"]
[Round "2.7"]
[White "Vujovic, Vera"]
[Black "Zhurova, Anna"]
[Result "1-0"]
[ECO "B28"]
[WhiteElo "2175"]
[BlackElo "2199"]
[Annotator "ChessBase"]
[PlyCount "77"]
[EventDate "2024.09.26"]
[EventType "team-tourn"]
[EventCountry "SRB"]
[SourceTitle "playchess.com"]
[Source "ChessBase"]
[SourceQuality "1"]
[TimeControl "40/5400+30:1800+30"]

1. e4 c5 2. Nf3 a6 3. c4 Nc6 4. d4 cxd4 5. Nxd4 Nf6 6. Nc3 e5 7. Nc2 Bc5 8. Be2 d6 9. O-O Be6 10. Rb1 Rc8 11. Bg5 h6 12. Bxf6 gxf6 13. Bg4 h5 14. Bxe6 fxe6 15. b4 Ba7 16. Qd3 Ne7 17. Rfd1 Kf7 18. Na3 Bb8 19. Ne2 Qg8 20. b5 Qg4 21. Nc2 axb5 22. Rxb5 Rc7 23. Rdb1 Rg8 24. Ne3 Qg6 25. Rxb7 Rcc8 26. Nc3 Rgd8 27. a4 Kf8 28. a5 Nc6 29. a6 Ba7 30. Nb5 Bc5 31. Ra1 Kg8 32. Nc7 Kh8 33. Nxe6 Rg8 34. Nxc5 dxc5 35. g3 Nd4 36. Nd5 Qg5 37. Ne7 Qg4 38. Nxg8 Rd8 39. Nxf6 1-0

[Event "Serbian League Women 2024"]
[Site "Bajina Basta"]
[Date "2024.09.28"]
[Round "2.8"]
[White "Srdanovic, Jovana"]
[Black "Nestorovic, Katarina"]
[Result "0-1"]
[ECO "E20"]
[WhiteElo "2142"]
[BlackElo "2038"]
[Annotator "ChessBase"]
[PlyCount "82"]
[EventDate "2024.09.26"]
[EventType "team-tourn"]
[EventCountry "SRB"]
[SourceTitle "playchess.com"]
[Source "ChessBase"]
[SourceQuality "1"]
[TimeControl "40/5400+30:1800+30"]

1. d4 Nf6 2. c4 e6 3. Nc3 Bb4 4. f3 Nc6 5. e4 e5 6. d5 Nd4 7. Bd3 Be7 8. Be3 c5 9. Nge2 d6 10. Qd2 O-O 11. Ng3 h5 12. O-O g6 13. Nb5 a6 14. Nxd4 cxd4 15. Bh6 Nh7 16. f4 Re8 17. fxe5 dxe5 18. Qf2 Bf6 19. c5 h4 20. Ne2 g5 21. Rae1 Kh8 22. Qf3 Qa5 23. Qh5 Qd2 24. Nc1 Rg8 25. Re2 Qb4 26. Nb3 Rg6 27. Ref2 Bd7 28. Rc2 Bb5 29. Bxb5 Qxb5 30. c6 bxc6 31. dxc6 Rc8 32. Rc5 Qb6 33. Rd5 Qxc6 34. Rc1 Qb7 35. Rf1 Qb6 36. Rd7 Qe6 37. Rb7 Be7 38. Bxg5 Rxg5 39. Qxf7 Qg4 40. Rf2 Rg7 41. Qd5 Ng5 0-1

[Event "Serbian League Women 2024"]
[Site "Bajina Basta"]
[Date "2024.09.28"]
[Round "2.9"]
[White "Muetsch, Annmarie"]
[Black "Osmak, Yuliia"]
[Result "0-1"]
[ECO "D26"]
[WhiteElo "2290"]
[BlackElo "2471"]
[Annotator "TA"]
[PlyCount "94"]
[EventDate "2024.09.26"]
[EventType "team-tourn"]
[EventCountry "SRB"]
[SourceTitle "playchess.com"]
[Source "ChessBase"]
[SourceQuality "1"]
[TimeControl "40/5400+30:1800+30"]

1. d4 d5 2. c4 dxc4 3. Nf3 Nf6 4. e3 e6 5. Bxc4 a6 6. Be2 Nbd7 7. O-O b6 8. Ne5 {[%emt 0:05:10] The position is equal.} Nxe5 9. dxe5 Qxd1 10. Rxd1 Nd5 11. Bf3 Bb7 12. b3 O-O-O 13. Bb2 Be7 14. a3 b5 15. Nd2 Nb6 16. Bxb7+ (16. Be2 $11) 16... Kxb7 $15 17. Ne4 Rxd1+ 18. Rxd1 a5 19. Nc3 {[%emt 0:07:16] [#]} Ka6 $1 20. Kf1 Rd8 (20... c5 $17 {Hoping for ...c4.} 21. Ne4 Rb8) 21. Rd4 (21. Ke2 $15) 21... Rxd4 $19 22. exd4 {[%emt 0:00:06] [#]} a4 $1 23. bxa4 (23. b4 $142) 23... Nxa4 ({Resist} 23... bxa4 24. Ke2 $17) 24. Nxa4 bxa4 {[%emt 0:00:03][%mdl 4096] Endgame. KB-KB} 25. Ke2 Kb5 {[%emt 0:00:21] aiming for ...Kc4.} 26. Kd3 h5 27. f4 g6 28. h3 $2 (28. Bc1 {was necessary.}) 28... h4 29. Bc1 c6 30. Bb2 c5 31. dxc5 $2 (31. Bc1) 31... Kxc5 (31... Bxc5 $2 32. Bc1 $19) 32. Bd4+ Kd5 33. Bb2 Bc5 34. Bc1 Bd4 {[%emt 0:00:14] Prevents Bb2.} 35. Bd2 Bb2 36. Bb4 Bc1 37. Be7 Bxf4 38. Bxh4 Bxe5 39. Bg5 Bb2 40. Be7 f5 41. g4 fxg4 {[%emt 0:31:24] Black mates.} 42. hxg4 e5 43. Bb4 e4+ 44. Ke2 Bd4 45. Bd2 Kc4 46. g5 Bc5 47. Bc1 Kb3 {[%emt 0:00:10] Weighted Error Value: White=0.56/Black=0.06 (flawless) .  Mistake:       	White=5     	Black=1      Inaccurate:     	White=2     	---        OK:         	White=9     	Black=14     Best:        	White=1     	Black=4      Strong:       	---       	Black=2} 0-1

[Event "Serbian League Women 2024"]
[Site "Bajina Basta"]
[Date "2024.09.28"]
[Round "2.10"]
[White "Roebers, Eline"]
[Black "Brunello, Marina"]
[Result "1/2-1/2"]
[ECO "B12"]
[WhiteElo "2340"]
[BlackElo "2348"]
[Annotator "ChessBase"]
[PlyCount "30"]
[EventDate "2024.09.26"]
[EventType "team-tourn"]
[EventCountry "SRB"]
[SourceTitle "playchess.com"]
[Source "ChessBase"]
[SourceQuality "1"]
[TimeControl "40/5400+30:1800+30"]

1. e4 c6 2. d4 d5 3. e5 Bf5 4. Nf3 e6 5. Be2 Nd7 6. O-O a5 7. a4 f6 8. Bd3 fxe5 9. Nxe5 Ngf6 10. Re1 Be7 11. Nd2 O-O 12. Ndf3 Nxe5 13. Nxe5 Bd6 14. f3 Nd7 15. g3 Nxe5 1/2-1/2

[Event "Serbian League Women 2024"]
[Site "Bajina Basta"]
[Date "2024.09.28"]
[Round "2.11"]
[White "Mehmed, Elif"]
[Black "Maksimovic, Suzana"]
[Result "1-0"]
[ECO "B31"]
[WhiteElo "2228"]
[BlackElo "2052"]
[Annotator "ChessBase"]
[PlyCount "45"]
[EventDate "2024.09.26"]
[EventType "team-tourn"]
[EventCountry "SRB"]
[SourceTitle "playchess.com"]
[Source "ChessBase"]
[SourceQuality "1"]
[TimeControl "40/5400+30:1800+30"]

1. e4 c5 2. Nf3 Nc6 3. Bb5 g6 4. O-O Bg7 5. c3 Nf6 6. Re1 O-O 7. d4 cxd4 8. cxd4 d5 9. e5 Ne4 10. Bxc6 bxc6 11. Be3 Rb8 12. Qc1 f6 13. Nc3 Bg4 14. Nd2 Nxd2 15. Qxd2 fxe5 16. dxe5 Rb7 17. Na4 d4 18. Bg5 Qd5 19. Rac1 Qxa2 20. Qxd4 Bf5 21. Nc5 Rxb2 22. Ra1 Rd2 23. Bxd2 1-0

[Event "Serbian League Women 2024"]
[Site "Bajina Basta"]
[Date "2024.09.28"]
[Round "2.12"]
[White "Tomin, Ksenija"]
[Black "Manakova, Maria"]
[Result "0-1"]
[ECO "B22"]
[WhiteElo "2039"]
[BlackElo "2185"]
[Annotator "ChessBase"]
[PlyCount "92"]
[EventDate "2024.09.26"]
[EventType "team-tourn"]
[EventCountry "SRB"]
[SourceTitle "playchess.com"]
[Source "ChessBase"]
[SourceQuality "1"]
[TimeControl "40/5400+30:1800+30"]

1. e4 c5 2. Nf3 Nc6 3. c3 d5 4. exd5 Qxd5 5. Na3 e6 6. Be2 Nf6 7. d3 Be7 8. O-O O-O 9. Nc2 e5 10. h3 Qd8 11. Re1 Nd5 12. Bf1 Qc7 13. Na3 a6 14. Nc4 f6 15. a4 Be6 16. a5 Rad8 17. Qa4 Bf7 18. Bd2 Rfe8 19. Be2 Bf8 20. Bd1 Kh8 21. Bb3 Bg6 22. Qa2 Nde7 23. Be3 Nf5 24. Bc2 Nxe3 25. Rxe3 Ne7 26. Ba4 Nc6 27. Rd1 Bf7 28. Qb1 e4 29. Nfd2 exd3 30. Rxe8 Bxe8 31. Nf3 Bg6 32. Nh4 Bf7 33. Bxc6 Qxc6 34. Ne3 c4 35. Nhf5 Qc7 36. Qa2 g6 37. Ng3 f5 38. Nef1 Rd5 39. b4 Bg7 40. Qd2 Qe5 41. Rc1 f4 42. Re1 Qxc3 43. Ne4 Qxd2 44. Nfxd2 c3 45. Nb3 d2 46. Rd1 Re5 0-1

[Event "Serbian League Women 2024"]
[Site "Bajina Basta"]
[Date "2024.09.28"]
[Round "2.13"]
[White "Unuk, Laura"]
[Black "Pogorelskikh, Sofia"]
[Result "0-1"]
[ECO "D78"]
[WhiteElo "2316"]
[BlackElo "2176"]
[Annotator "ChessBase"]
[PlyCount "108"]
[EventDate "2024.09.26"]
[EventType "team-tourn"]
[EventCountry "SRB"]
[SourceTitle "playchess.com"]
[Source "ChessBase"]
[SourceQuality "1"]
[TimeControl "40/5400+30:1800+30"]

1. d4 d5 2. Nf3 Nf6 3. g3 g6 4. Bg2 Bg7 5. c4 c6 6. O-O O-O 7. a4 Be6 8. Nc3 dxc4 9. e4 Na6 10. h3 Nb4 11. Be3 a5 12. Qe2 Ne8 13. Rad1 Nd6 14. Ng5 Bc8 15. f4 f6 16. Nf3 Be6 17. g4 Kh8 18. Nd2 Qe8 19. e5 Nc8 20. Nxc4 Qf7 21. Nd2 f5 22. gxf5 Bxf5 23. Nde4 Nb6 24. Nc5 Qc4 25. Qd2 Qf7 26. b3 N6d5 27. Nxb7 Nxe3 28. Qxe3 Qxb3 29. Nc5 Qc4 30. N3e4 Nd5 31. Qg3 Rab8 32. Ng5 Nc3 33. Qh4 h6 34. Rd2 Ne2+ 35. Kh2 Nxd4 36. Nge4 Qxf1 37. Rxd4 Rb2 38. Rd2 Rxd2 39. Nxd2 Qe2 40. Ndb3 g5 41. fxg5 Bxe5+ 42. Kg1 Qd1+ 43. Bf1 Bh7 44. Qc4 Qf3 45. Qe2 Qg3+ 46. Qg2 Qe3+ 47. Kh1 Bg8 48. Nd2 Bd5 49. Nce4 Bxe4 50. Nxe4 Rxf1+ 51. Qxf1 Qxe4+ 52. Kg1 Qd4+ 53. Kg2 Qd2+ 54. Kf3 Qf4+ 0-1

[Event "Serbian League Women 2024"]
[Site "Bajina Basta"]
[Date "2024.09.28"]
[Round "2.14"]
[White "Zherebtsova, Alexandra"]
[Black "Lach, Aleksandra"]
[Result "0-1"]
[ECO "A91"]
[WhiteElo "2239"]
[BlackElo "2278"]
[Annotator "ChessBase"]
[PlyCount "104"]
[EventDate "2024.09.26"]
[EventType "team-tourn"]
[EventCountry "SRB"]
[SourceTitle "playchess.com"]
[Source "ChessBase"]
[SourceQuality "1"]
[TimeControl "40/5400+30:1800+30"]

1. d4 e6 2. g3 f5 3. Bg2 Nf6 4. c4 Be7 5. Nc3 O-O 6. Nh3 d6 7. e4 fxe4 8. Ng5 h6 9. Ngxe4 c6 10. O-O d5 11. Nd2 Nh7 12. Nf3 Bf6 13. Qe2 Kh8 14. Bf4 Nd7 15. Rfe1 Nb6 16. c5 Nd7 17. Bd6 Re8 18. Ne5 Bxe5 19. dxe5 b6 20. b4 bxc5 21. bxc5 Qa5 22. Qe3 Ba6 23. f4 Nhf8 24. Rac1 Ng6 25. Bh3 Ndf8 26. g4 Qb4 27. f5 exf5 28. gxf5 Nh4 29. a3 Qd4 30. Kf2 Qxe3+ 31. Kxe3 Nh7 32. Kf4 Ng5 33. Bf1 Bc8 34. e6 Ngf3 35. Be5 Nxe1 36. Rxe1 Rf8 37. e7 Ng6+ 38. Kg3 Nxe7 39. Bxg7+ Kxg7 40. Rxe7+ Rf7 41. Re8 Bb7 42. Re5 Rg8 43. Kf4 Bc8 44. Bd3 Kf6 45. h3 Re7 46. Rxe7 Kxe7 47. Ne2 Kf6 48. Ng3 Re8 49. Nh5+ Kf7 50. Kg4 Re3 51. Nf4 Kf6 52. Nh5+ Ke5 0-1

[Event "Serbian League Women 2024"]
[Site "Bajina Basta"]
[Date "2024.09.28"]
[Round "2.15"]
[White "Bojicic, Andjela"]
[Black "Ibrahimova, Sabina"]
[Result "1/2-1/2"]
[ECO "E92"]
[WhiteElo "2071"]
[BlackElo "2199"]
[Annotator "ChessBase"]
[PlyCount "79"]
[EventDate "2024.09.26"]
[EventType "team-tourn"]
[EventCountry "SRB"]
[SourceTitle "playchess.com"]
[Source "ChessBase"]
[SourceQuality "1"]
[TimeControl "40/5400+30:1800+30"]

1. d4 Nf6 2. c4 g6 3. Nc3 Bg7 4. e4 d6 5. h3 O-O 6. Be3 Nbd7 7. Nf3 e5 8. d5 Nc5 9. Nd2 a5 10. g4 c6 11. Be2 a4 12. g5 Nfd7 13. h4 Qa5 14. a3 cxd5 15. cxd5 b5 16. Kf1 Ba6 17. Na2 f5 18. Nb4 Bb7 19. h5 Rae8 20. hxg6 hxg6 21. exf5 Rxf5 22. Bg4 Rf7 23. Qc2 e4 24. Bxd7 Rxd7 25. Nc6 Bxc6 26. dxc6 Rde7 27. Rd1 Qc7 28. b4 axb3 29. Nxb3 Qxc6 30. Nxc5 dxc5 31. Qxc5 Qxc5 32. Bxc5 Rc7 33. Rd5 Re5 34. Rd8+ Kf7 35. Be3 Re8 36. Rd5 Rb7 37. Kg2 Ke6 38. Rhd1 Be5 39. Rc5 b4 40. axb4 1/2-1/2

[Event "Serbian League Women 2024"]
[Site "Bajina Basta"]
[Date "2024.09.28"]
[Round "2.16"]
[White "Djukic, Sandra"]
[Black "Maksimovic, Masa"]
[Result "1-0"]
[ECO "A16"]
[WhiteElo "2126"]
[BlackElo "2093"]
[Annotator "ChessBase"]
[PlyCount "155"]
[EventDate "2024.09.26"]
[EventType "team-tourn"]
[EventCountry "SRB"]
[SourceTitle "playchess.com"]
[Source "ChessBase"]
[SourceQuality "1"]
[TimeControl "40/5400+30:1800+30"]

1. Nf3 Nf6 2. g3 g6 3. Bg2 Bg7 4. O-O O-O 5. c4 d6 6. Nc3 Nc6 7. d3 Bd7 8. Rb1 Qc8 9. b4 Bh3 10. b5 Ne5 11. Nxe5 dxe5 12. Re1 Bxg2 13. Kxg2 h5 14. f3 Qd7 15. Be3 Nh7 16. Qb3 Kh8 17. c5 Rad8 18. c6 bxc6 19. bxc6 Qxc6 20. Rec1 f5 21. Ne4 Qa8 22. Nc5 f4 23. Bf2 fxg3 24. Bxg3 Rd6 25. Ne6 Rb6 26. Qc4 Rfb8 27. Rxb6 Rxb6 28. Nxg7 Kxg7 29. Qxc7 Rb7 30. Qxe5+ Nf6 31. Qe6 Qd8 32. Be5 Qd7 33. Qxd7 Rxd7 34. Rc6 Rb7 35. Ra6 Kf7 36. Bxf6 exf6 37. Kg3 g5 38. f4 Kg6 39. fxg5 Kxg5 40. h4+ Kg6 41. Kf3 Rd7 42. Ra4 Rc7 43. e4 Kg7 44. Kf4 Kg6 45. Ra6 Rd7 46. Ke3 Kg7 47. d4 Kf7 48. Ra5 Kg6 49. d5 Rb7 50. Ra6 Rd7 51. Kd4 Kf7 52. a4 Rb7 53. a5 Ke7 54. Rc6 Rb4+ 55. Rc4 Rb7 56. a6 Rb1 57. Rc7+ Kd6 58. Rf7 Rd1+ 59. Ke3 Re1+ 60. Kd3 Rf1 61. Rh7 f5 62. Rh6+ Kc5 63. Rc6+ Kb5 64. exf5 Rxf5 65. Ke4 Rf1 66. Ke5 Re1+ 67. Kd6 Rd1 68. Ke6 Re1+ 69. Kd7 Re4 70. d6 Rxh4 71. Kc7 Rg4 72. d7 Rg7 73. Rh6 Rf7 74. Rxh5+ Kxa6 75. Kc8 Rf8+ 76. d8=Q Rxd8+ 77. Kxd8 Kb6 78. Kd7 1-0

[Event "Serbian League Women 2024"]
[Site "Bajina Basta"]
[Date "2024.09.28"]
[Round "2.17"]
[White "Maltsevskaya, Aleksandra"]
[Black "Garifullina, Leya"]
[Result "1/2-1/2"]
[ECO "C44"]
[WhiteElo "2404"]
[BlackElo "2438"]
[Annotator "ChessBase"]
[PlyCount "114"]
[EventDate "2024.09.26"]
[EventType "team-tourn"]
[EventCountry "SRB"]
[SourceTitle "playchess.com"]
[Source "ChessBase"]
[SourceQuality "1"]
[TimeControl "40/5400+30:1800+30"]

1. e4 e5 2. Nf3 Nc6 3. g3 Nf6 4. d3 d5 5. exd5 Nxd5 6. Bg2 Be7 7. O-O O-O 8. Re1 Bf6 9. Nbd2 Bf5 10. h3 h6 11. Ne4 Be7 12. Bd2 Re8 13. Nc3 Nxc3 14. Bxc3 Bd6 15. d4 f6 16. dxe5 fxe5 17. Nh4 Bh7 18. Be4 Bxe4 19. Rxe4 Qf6 20. Qd5+ Qf7 21. Rd1 Rad8 22. Qxf7+ Kxf7 23. Nf3 Kf6 24. Kg2 Re7 25. b4 a6 26. a4 b5 27. axb5 axb5 28. Rd5 Rb8 29. Rd3 Ra8 30. Ne1 Kf5 31. Rde3 Ra3 32. g4+ Kg6 33. Rd3 Rf7 34. Bxe5 Rxd3 35. Nxd3 Re7 36. f4 Bxe5 37. fxe5 Kf7 38. Kf3 Ke6 39. c3 g5 40. Nc5+ Kd5 41. e6 Re8 42. Re1 Nd8 43. Rd1+ Kc6 44. e7 Nf7 45. Re1 Kd5 46. Re6 Ne5+ 47. Kg3 Nd7 48. Rxh6 Nxc5 49. bxc5 Rxe7 50. Rh5 Re3+ 51. Kg2 Rxc3 52. Rxg5+ Ke4 53. c6 b4 54. Rb5 b3 55. h4 Rc2+ 56. Kg3 Rc3+ 57. Kg2 Rc2+ 1/2-1/2

[Event "Serbian League Women 2024"]
[Site "Bajina Basta"]
[Date "2024.09.28"]
[Round "2.18"]
[White "Rakhmangulova, Anastasiya"]
[Black "Prudnikova, Svetlana"]
[Result "1/2-1/2"]
[ECO "C42"]
[WhiteElo "2283"]
[BlackElo "2117"]
[Annotator "ChessBase"]
[PlyCount "91"]
[EventDate "2024.09.26"]
[EventType "team-tourn"]
[EventCountry "SRB"]
[SourceTitle "playchess.com"]
[Source "ChessBase"]
[SourceQuality "1"]
[TimeControl "40/5400+30:1800+30"]

1. e4 e5 2. Nf3 Nf6 3. Nxe5 d6 4. Nf3 Nxe4 5. Nc3 Nxc3 6. dxc3 Be7 7. Be3 Nd7 8. Qd2 O-O 9. O-O-O Nf6 10. Bd3 d5 11. h4 c5 12. Kb1 Bg4 13. Rdg1 Ne4 14. Qe1 Bf6 15. Bxe4 dxe4 16. Nd2 Qd5 17. Bg5 Bxg5 18. hxg5 Rfe8 19. Qe3 Rad8 20. Nb3 b6 21. Re1 Rd7 22. f3 Bf5 23. g4 Be6 24. fxe4 Qe5 25. Qh3 Qxg5 26. Qxh7+ Kf8 27. Nc1 Rd2 28. Nd3 Rg2 29. e5 Rxg4 30. Rh5 Qg6 31. Qxg6 Rxg6 32. b3 Rg4 33. c4 Ke7 34. Rf1 Rd8 35. Nf4 Rd4 36. Ne2 Rd2 37. Nc3 Rgg2 38. Rc1 g6 39. Rh8 Bf5 40. Nd5+ Kd7 41. Ra8 Bxc2+ 42. Ka1 a5 43. Ra7+ Ke8 44. Ra8+ Kd7 45. Ra7+ Ke8 46. Ra8+ 1/2-1/2

[Event "Serbian League Women 2024"]
[Site "Bajina Basta"]
[Date "2024.09.28"]
[Round "2.19"]
[White "Drljevic, Ljilja"]
[Black "Mandura, Tijana"]
[Result "0-1"]
[ECO "A00"]
[WhiteElo "2102"]
[BlackElo "2207"]
[Annotator "ChessBase"]
[PlyCount "136"]
[EventDate "2024.09.26"]
[EventType "team-tourn"]
[EventCountry "SRB"]
[SourceTitle "playchess.com"]
[Source "ChessBase"]
[SourceQuality "1"]
[TimeControl "40/5400+30:1800+30"]

1. Nf3 d5 2. a3 Nd7 3. b4 e5 4. Bb2 Bd6 5. e3 Ngf6 6. c4 dxc4 7. Bxc4 O-O 8. d4 e4 9. Nfd2 Nb6 10. Nc3 Qe7 11. Be2 Nbd5 12. Nb5 a6 13. Nxd6 cxd6 14. Rc1 Bd7 15. O-O Rfc8 16. Nc4 Rc7 17. Na5 Rxc1 18. Qxc1 Rc8 19. Qd2 Bb5 20. Rc1 Rxc1+ 21. Bxc1 Qc7 22. Bb2 b6 23. Bxb5 axb5 24. Nb3 Qc4 25. Nc1 Nd7 26. f3 f5 27. fxe4 fxe4 28. h3 N7f6 29. Kh2 Kf7 30. Kg1 Ke6 31. Kf2 h5 32. Ne2 g5 33. Qc1 h4 34. g3 Kf5 35. gxh4 gxh4 36. Qg1 Qc2 37. Qc1 Qxc1 38. Bxc1 Nh7 39. Bd2 Ng5 40. Ng1 Kg6 41. Be1 Kh5 42. Bd2 Ne6 43. Ne2 Kg5 44. Bc1 Kf5 45. Bd2 Ng5 46. Ng1 Ne7 47. Bc3 Ke6 48. d5+ Nxd5 49. Bd4 Kf5 50. Bb2 Ke6 51. Ba1 Ne7 52. Bd4 Nf5 53. Bxb6 Kd5 54. Bd8 Ne6 55. Bf6 Kc4 56. Ne2 Kd3 57. Nc1+ Kd2 58. Nb3+ Kc2 59. Na5 Kd3 60. Nb7 Nxe3 61. Nxd6 Nf4 62. Bxh4 Nxh3+ 63. Kg3 Ng1 64. Nxb5 Nf5+ 65. Kg2 Nxh4+ 66. Kxg1 e3 67. Nc3 Kxc3 68. b5 e2 0-1